[Event "Late-Titled-Tuesday-Blitz-October-24-2023"]
[Site "Chess.com"]
[Date "2023.10.24"]
[Round "5"]
[White "AsselLesbekova"]
[Black "dosto07"]
[Result "0-1"]
[WhiteElo "2296"]
[BlackElo "2526"]
[TimeControl "180+1"]
[EndTime "14:57:09 PDT"]
[Termination "dosto07 won by checkmate"]

1. e4 e5 2. Nf3 Nc6 3. Nc3 Nf6 4. d4 exd4 5. Nxd4 Bb4 6. Nxc6 bxc6 7. Qd4 Qe7 8. f3 d5 9. Bg5 dxe4 10. Bxf6 Bxc3+ 11. Qxc3 Qxf6 12. Qxf6 gxf6 13. fxe4 Bg4 14. h3 Bh5 15. g4 Bg6 16. Bd3 Rb8 17. O-O-O h5 18. Rdf1 Ke7 19. b3 c5 20. Kd2 a5 21. Kc3 Rb4 22. a3 Rd4 23. Re1 Kd6 24. Rhf1 Ke5 25. gxh5 Rxh5 26. Rf3 Rh4 27. Ref1 Rd6 28. Kc4 Bxe4 29. Re1 f5 30.
Kxc5 Rd5+ 31. Kc4 Rd7 32. Kc3 f6 33. Bxe4 fxe4 34. Rfe3 f5 35. Kc4 Rd4+ 36. Kb5 f4 37. R3e2 f3 38. Rf2 Rxh3 39. Kxa5 Kf4 40. a4 e3 41.
Rff1 f2 42. Ra1 Kf3 43. Kb5 e2 44. Rfb1 Rd2 45. a5 e1=Q 46. Rxe1 fxe1=Q 47. Rxe1 Rxc2 48. a6 Ra2 49. Re7 Rh5+ 50. Kc6 Rxa6+ 51. Kb7 Rb6+ 52. Kxc7 Rxb3 53. Rf7+ Ke3 54. Re7+ Kd3 55. Rd7+ Kc3 56.
Rg7 Rc5+ 57. Kd6 Rc4 58. Kd5 Rb5+ 59. Kd6 Kb4 60. Rg1 Rd4+ 61. Ke6 Rdd5 62. Rb1+ Ka5 63. Ra1+ Kb6 64. Re1 Rdc5 65. Kd6 Rc6+ 66. Kd7 Kb7 67. Rd1 Rbb6 68. Ke7 Rh6 69. Rd7+ Ka6 70. Rd1 Rb7+ 71.
Kf8 Rh8# 0-1

[Event "Late-Titled-Tuesday-Blitz-October-24-2023"]
[Site "Chess.com"]
[Date "2023.10.24"]
[Round "5"]
[White "vladislavkovalev"]
[Black "ArtemDyachuk"]
[Result "1-0"]
[WhiteElo "2872"]
[BlackElo "2640"]
[TimeControl "180+1"]
[EndTime "14:57:17 PDT"]
[Termination "vladislavkovalev won by checkmate"]

1. e4 c5 2. Nf3 d6 3. Bb5+ Bd7 4. Bxd7+ Qxd7 5. c4 g6 6. Nc3 Bg7 7. d4 cxd4 8. Nxd4 Nf6 9. f3 O-O 10. Be3 Nc6 11.
b3 Rac8 12. O-O a6 13. a4 Qc7 14. Qd2 Nd7 15. Nd5 Qd8 16. Rab1 Nc5 17. a5 Nxa5 18. Nxe7+ Qxe7 19. Qxa5 f5 20. b4 Nd3 21. Nxf5 Rxf5 22. Qa3 Ne5 23. exf5 Nxc4 24. Qa2 Qxe3+ 25. Kh1 d5 26.
fxg6 hxg6 27. Rbd1 Qe6 28. Rfe1 Qf7 29. b5 axb5 30.
Qb3 Rc5 31. Re2 d4 32. Ra2 Ne3 33. Ra8+ Bf8 34. Qb4 Rc1 35. Rxf8+ Qxf8 36. Qxf8+ Kxf8 37. Rxc1 d3 38. Rc8+ Ke7 39. Rc7+ Ke6 40. Rc3 b4 41. Rxd3 Nd5 42. Kg1 Kd6 43. Kf2 Kc5 44. Ke1 Kc4 45. Rd2 b3 46. Kd1 b5 47. Rxd5 Kxd5 48. Kc1 Kd4 49.
f4 Ke4 50. g3 Kf3 51. Kb2 Kg4 52. Kxb3 Kh3 53. Kb4 Kxh2 54. g4 Kg3 55. f5 gxf5 56. gxf5 Kf4 57. f6 Ke4 58. f7 Kd5 59. f8=Q Ke4 60.
Qc5 Kd3 61. Qxb5+ Ke3 62. Qc5+ Kd3 63. Kb3 Ke4 64. Kc3 Kf3 65. Kd3 Kg4 66. Qe5 Kf3 67. Qf5+ Kg3 68. Ke3 Kh2 69. Qg4 Kh1 70. Kf2 Kh2 71.
Qh4# 1-0

[Event "Late-Titled-Tuesday-Blitz-October-24-2023"]
[Site "Chess.com"]
[Date "2023.10.24"]
[Round "5"]
[White "GMG"]
[Black "DanylaBagrov"]
[Result "1-0"]
[WhiteElo "2770"]
[BlackElo "2555"]
[TimeControl "180+1"]
[EndTime "14:57:17 PDT"]
[Termination "GMG won on time"]

1. Nf3 d6 2. d4 Nf6 3. g3 Nbd7 4. c4 e5 5. Nc3 Be7 6. Bg2 O-O 7. O-O c6 8. e4 a6 9. a4 a5 10. h3 Re8 11.
Re1 Bf8 12. Be3 exd4 13. Nxd4 Nc5 14. Qc2 Nfd7 15. Rad1 Na6 16. Nf5 Ndc5 17. g4 Bxf5 18.
exf5 Nb4 19. Qb1 Qh4 20. b3 g6 21. Ne2 Rad8 22. Nd4 Rd7 23. Nf3 Qd8 24. Bg5 Rxe1+ 25.
Rxe1 Qc8 26. f6 d5 27. Be3 Ncd3 28. Rd1 dxc4 29. bxc4 Rd8 30. Ne1 Nxe1 31. Rxe1 Qe6 32.
Bb6 Qxf6 33. Bxd8 Qxd8 34. Qd1 Qf6 35. Qd7 Bc5 36. Re2 Kg7 37. Be4 Qg5 38. Qe8 h5 39. Bf3 Nd3 40. Qe4 Qc1+ 41. Kg2 Qc3 42. Re3 Bxe3 43. Qxe3 Ne1+ 44. Kg3 Qxe3 45. fxe3 Nc2 46. Kf4 g5+ 47. Kxg5 hxg4 48. Bxg4 Nxe3 49. Bc8 b6 50. Bb7 c5 51. Ba6 Nc2 52. h4 Nd4 53. h5 f6+ 54.
Kf4 Kh6 55. Ke4 Kxh5 56. Kd5 f5 57. Bc8 f4 58. Kd6 f3 59. Bh3 Kh4 60. Bf1 Nc2 61. Kc7 Ne3 62. Bd3 f2 63. Kxb6 f1=Q 64. Bxf1 Nxf1 65. Kxa5 Nd2 66. Kb5 Nb3 67. a5 Nd4+ 68. Kxc5 Nb3+ 69. Kb6 Kg5 70. a6 Nd2 71. Kc5 Nb3+ 72.
Kc6 Na5+ 73. Kb5 1-0

[Event "Late-Titled-Tuesday-Blitz-October-24-2023"]
[Site "Chess.com"]
[Date "2023.10.24"]
[Round "5"]
[White "Byniolus"]
[Black "Makswolf200817"]
[Result "1-0"]
[WhiteElo "2806"]
[BlackElo "2617"]
[TimeControl "180+1"]
[EndTime "14:57:43 PDT"]
[Termination "Byniolus won by resignation"]

1. d4 Nf6 2. Nf3 e6 3. Bf4 b6 4. e3 Be7 5. h3 O-O 6. Nbd2 Bb7 7. Bd3 c5 8. c3 d6 9. O-O Nbd7 10. Qe2 a6 11. a4 Qc7 12. Bh2 Rfe8 13. e4 Nf8 14. e5 Nd5 15. Ne4 dxe5 16. dxe5 Ng6 17. Nd6 Red8 18. Bxg6 hxg6 19. Rfd1 Bc6 20. Bg3 Bf8 21. Ng5 Be8 22. Qg4 Be7 23. Nxe6 fxe6 24. Qxe6+ Kh7 25. Qxd5 Bc6 26. Qe6 Rd7 27. a5 bxa5 28.
Rd2 Rad8 29. Rad1 Ba8 30. f4 Qc6 31. f5 gxf5 32. Qxf5+ Kg8 33. Qf7+ Kh7 34. Qh5+ Kg8 35. Kh2 Rf8 36. Qg4 Kh7 37. Bh4 Bxd6 38. exd6 g6 39. Be7 Rf5 40. Re1 Qc8 41. Rde2 Qg8 42. Qg3 Qc4 43.
Re4 Qf7 44. Rh4+ Kg8 45. Re3 Rf2 46. Rg4 Rxg2+ 47. Qxg2 Bxg2 48. Rxg2 Qf4+ 49. Reg3 Kf7 50. Rg1 a4 51. Rg2 c4 52. Kh1 Rxd6 53. Bxd6 Qxd6 54. h4 Qd1+ 55. Kh2 Qh5 56. Rg4 Qe5+ 57. Kh3 Qd5 58.
Rf2+ Kg7 59. Rg3 Qe6+ 60. Kh2 Kh6 61. Rfg2 Kh7 62. Rg4 Qe5+ 63. Kh3 Qe6 64. Kh2 a5 65. R4g3 Qe5 66. Kh3 Qf5+ 67. Rg4 Qe5 68. R2g3 Qe6 69. Kh2 Qd5 70. Rg2 a3 71. bxa3 Qe5+ 72. R4g3 Kh6 73.
Kh3 Kh7 74. Rxg6 Qxc3+ 75. R6g3 Qe5 76. Rf2 c3 77. Rgg2 Qf5+ 78. Rxf5 1-0

[Event "Late-Titled-Tuesday-Blitz-October-24-2023"]
[Site "Chess.com"]
[Date "2023.10.24"]
[Round "5"]
[White "Nikita_Klepikov"]
[Black "Ykow"]
[Result "0-1"]
[WhiteElo "2332"]
[BlackElo "2530"]
[TimeControl "180+1"]
[EndTime "14:57:46 PDT"]
[Termination "Ykow won by resignation"]

1. e4 c5 2. Nf3 d6 3. d4 Nf6 4. Bb5+ Bd7 5. Bxd7+ Nfxd7 6. Nc3 g6 7. O-O Bg7 8. Re1 cxd4 9. Nxd4 Nc6 10. Be3 O-O 11. Qd2 Nde5 12. Nxc6 bxc6 13. Qe2 Rb8 14. Rab1 Qa5 15.
Bd4 Nf3+ 16. Qxf3 Bxd4 17. h4 Rxb2 18. Rxb2 Bxc3 19. Reb1 Bxb2 20. Rxb2 Qe5 21. Rb7 a5 22. g3 Rd8 23. Qd3 d5 24. Qa3 dxe4 25. Rxe7 Qf5 26. Kg2 h5 27. Qe3 Qd5 28. Qxe4 Kf8 29. Re5 Qxe4+ 30.
Rxe4 Rd5 31. Rc4 c5 32. Ra4 Rd2 33. Rc4 Rd5 34. Kf3 Ke7 35. Ke4 Kd6 36. Ke3 Re5+ 37.
Kd3 Re1 38. Ra4 Rd1+ 39. Ke2 Rc1 40. Kd2 Rf1 41. Ke2 Ra1 42. Rxa5 Kd5 43. Ra7 f5 44.
Ra6 Kc4 45. Rxg6 Rxa2 46. Kd2 Ra3 47. Rg5 f4 48. gxf4 Rf3 49. Ke2 Rxf4 50. Rxh5 Re4+ 51. Kd2 Rd4+ 52. Ke3 Rd1 53. Rh8 Re1+ 54. Kd2 Rf1 55. Ke2 Rh1 56. h5 Kc3 57. h6 c4 58.
h7 Rh4 59. Ke3 Kxc2 60. f4 c3 61. f5 Rh6 62. Ke4 Kc1 63. Ke5 c2 64. f6 Kd2 65.
Rd8+ Ke2 66. Rc8 Kd1 67. f7 Rh5+ 68. Ke6 Rh6+ 69. Ke7 Rxh7 70. Rd8+ Ke1 71. Rc8 Kd2 72. Ke8 Rh8+ 73. Kd7 Rxc8 74. Kxc8 c1=Q+ 75. Kd8 Qc5 76. Ke8 Qe5+ 77. Kf8 Qh8+ 78. Ke7 Qg7 79. Ke8 Qe5+ 80.
Kf8 Ke3 81. Kg8 Qg5+ 82. Kh8 Qe7 83. Kg8 Qe6 84. Kh8 Qh6+ 85. Kg8 Qg6+ 86. Kh8 Qf6+ 87. Kg8 Qe6 88. Kh8 Qe5+ 89. Kg8 Qg5+ 90. Kh8 Qd8+ 91. Kg7 Qe7 92. Kh8 Qf8+ 0-1

[Event "Late-Titled-Tuesday-Blitz-October-24-2023"]
[Site "Chess.com"]
[Date "2023.10.24"]
[Round "5"]
[White "cthake"]
[Black "aranibos"]
[Result "1-0"]
[WhiteElo "1939"]
[BlackElo "2261"]
[TimeControl "180+1"]
[EndTime "14:57:52 PDT"]
[Termination "cthake won by resignation"]

1. e4 c6 2. d4 d5 3. Nc3 dxe4 4. Nxe4 Nf6 5. Nxf6+ exf6 6. Nf3 Bd6 7. Bd3 O-O 8.
O-O Bg4 9. c3 Nd7 10. Re1 Qc7 11.
h3 Bh5 12. Be3 Bg6 13. Bxg6 hxg6 14. a4 Rad8 15. a5 c5 16. a6 b6 17. Qb3 c4 18.
Qb5 Rc8 19. Nd2 Qc6 20. Qxc6 Rxc6 21. Ra4 b5 22. Ra5 Rb8 23. Ne4 Bc7 24. Raa1 Nb6 25. d5 Nxd5 26. Bxa7 Ra8 27. Bd4 Rcxa6 28. Rxa6 Rxa6 29.
Nc5 Ra8 30. g3 Bd6 31. Ne4 Bf8 32. Kg2 g5 33. Kf3 Ra2 34. Re2 Be7 35. Rd2 f5 36.
Nc5 Bxc5 37. Bxc5 Nf6 38. Ba3 Ra1 39. Rd8+ Kh7 40. Rb8 Ne4 41. Rxb5 Kg6 42. Rb6+ f6 43. Rb7 Rf1 44. Ke2 Rxf2+ 45. Ke1 Rg2 46. Bf8 f4 47. Rxg7+ Kf5 48. gxf4 Kxf4 49. h4 Ke3 50. Kf1 Rf2+ 51. Kg1 gxh4 52. Rh7 Ng5 53. Bc5+ Ke2 54. Re7+ Kf3 55.
Bxf2 Nh3+ 56. Kf1 Nxf2 57. Rf7 Ne4 58. Rh7 Kg3 59. Kg1 h3 60. Rg7+ Ng5 61. Rg6 h2+ 62. Kh1 Kh3 63. Rh6+ Kg3 64. Rxh2 Ne4 65. Rg2+ Kf3 66.
b4 Nxc3 67. Rc2 Nb5 68. Rxc4 f5 69. Rc5 Nd4 70. Rd5 Nc2 71. b5 f4 72. b6 Ke4 73.
Rd8 f3 74. Rf8 Nd4 75. b7 Nc6 76. b8=Q Nxb8 77. Rxb8 Ke3 78. Rf8 Kf2 79. Kh2 Ke2 80.
Kg3 Kf1 81. Rxf3+ Kg1 82. Ra3 Kf1 83. Ra2 Ke1 84. Kf3 Kd1 85. Ke3 Kc1 86. Kd3 Kb1 87. Rf2 Kc1 88. Kc3 Kd1 89. Rg2 Ke1 90. Rh2 Kf1 91. Kd3 Kg1 92. Ra2 Kf1 93. Rb2 Ke1 94.
Rc2 Kf1 95. Rd2 Ke1 96. Ke3 Kf1 97. Kf3 Ke1 98. Rd3 1-0

[Event "Late-Titled-Tuesday-Blitz-October-24-2023"]
[Site "Chess.com"]
[Date "2023.10.24"]
[Round "5"]
[White "HalfIsCrayfish"]
[Black "chess94cu"]
[Result "1/2-1/2"]
[WhiteElo "2549"]
[BlackElo "2643"]
[TimeControl "180+1"]
[EndTime "14:58:06 PDT"]
[Termination "Game drawn - insufficient material"]

1. c4 e6 2. Nc3 d5 3. d4 Nf6 4. cxd5 exd5 5. Bg5 Nbd7 6. e3 c6 7. Bd3 Be7 8. Qc2 h6 9. Bh4 Nh5 10. Bxe7 Qxe7 11. O-O-O Nb6 12. Kb1 Be6 13. Rc1 O-O-O 14. Na4 Nxa4 15. Qxa4 Kb8 16. Ne2 Nf6 17. Rc3 Ne4 18. Ra3 a6 19. Bxe4 dxe4 20. Nc3 Bd5 21. Rc1 Qh4 22. Nxd5 Rxd5 23. Rb3 Rb5 24. Rxb5 axb5 25. Qc2 Rd8 26. h3 Qg5 27. Qxe4 f6 28.
g3 Qh5 29. Qg4 Qd5 30. Qxg7 Qf5+ 31. Ka1 Qxf2 32. Qxh6 Qxg3 33. Rf1 Re8 34. Qxf6 Qxh3 35. Qf4+ Ka7 36. Re1 Qg2 37. a3 Qc2 38. Qf1 b4 39. Qe2 Qb3 40. Rc1 bxa3 41. bxa3 Qxa3+ 42. Kb1 Rxe3 43. Qa2 Qxa2+ 44. Kxa2 Rd3 45. Rc4 Kb6 46. Rb4+ Ka6 47. Kb2 b5 48. Kc2 Rh3 49. Rb1 Ka5 50. Kd2 b4 51. Rc1 Kb5 52. Rc5+ Kb6 53. Rg5 Rc3 54. Rg8 Kb5 55. Rg6 Rc4 56. Kd3 Rc1 57.
Kd2 Rh1 58. Kd3 Rh3+ 59. Kd2 Rc3 60. Rf6 Ka4 61. Rf8 Rh3 62. Rc8 Kb5 63. Rd8 Kc4 64. Rd6 c5 65. dxc5 Kxc5 66. Rd8 Kc4 67. Kc1 Kb3 68. Rd1 Rh2 69. Kb1 Ka3 70. Ka1 b3 71. Kb1 Ra2 72. Re1 Rd2 73. Ka1 Rc2 74. Kb1 Rh2 75. Ka1 Rh3 76. Kb1 Rc3 77. Ka1 b2+ 78.
Kb1 Kb3 79. Rf1 Rc1+ 80. Rxc1 bxc1=Q+ 81. Kxc1 1/2-1/2

[Event "Late-Titled-Tuesday-Blitz-October-24-2023"]
[Site "Chess.com"]
[Date "2023.10.24"]
[Round "5"]
[White "kinghunter183"]
[Black "Giorno"]
[Result "0-1"]
[WhiteElo "2108"]
[BlackElo "2543"]
[TimeControl "180+1"]
[EndTime "14:58:27 PDT"]
[Termination "Giorno won by checkmate"]

1. b3 d5 2. Bb2 Nf6 3. d3 Bf5 4.
Nd2 e6 5. Ngf3 h6 6. e3 Nbd7 7. Be2 Bd6 8. O-O O-O 9. Re1 Bh7 10. c4 c6 11. d4 Ne4 12. Nxe4 dxe4 13. Ne5 Nxe5 14. dxe5 Bc7 15. Qxd8 Rfxd8 16. Rad1 Kf8 17. Ba3+ Ke8 18. Bd6 Bxd6 19. exd6 c5 20. f3 Rd7 21. Rd2 Rad8 22. Red1 f6 23. f4 Kf7 24. a3 a5 25.
b4 axb4 26. axb4 cxb4 27. c5 Rc8 28. Rc1 Rdd8 29. Rd4 Kf8 30. Rxb4 Rxd6 31. Rxb7 Rdc6 32. Rb5 Bg6 33. Bg4 Be8 34. Ra5 Ke7 35. Bd1 R6c7 36.
Kf2 Bc6 37. Bc2 Bd5 38. Bb1 Rb8 39. Ba2 Rb2+ 40. Kg3 Rxa2 41. Rb5 Ra4 42. h3 Rc4 43. Rxc4 Bxc4 44. Rb6 Bd5 45. Rb2 Rxc5 46. Rd2 f5 47. h4 Kf6 48. Kh3 Rc3 49. Re2 Bc4 50. Re1 Rc2 51. g3 Re2 52. Rc1 Bd3 53. Rc8 Rxe3 54.
Rf8+ Ke7 55. Rg8 Kf7 56. Ra8 Bf1+ 57. Kh2 Re2+ 58. Kg1 Rg2+ 59. Kxf1 Rxg3 60. Ra7+ Kf6 61. Ra2 Rf3+ 62. Kg2 Rxf4 63. Kh3 Rf3+ 64. Kg2 Rb3 65.
Ra8 g5 66. Rf8+ Kg7 67. Re8 Kf7 68. Rh8 gxh4 69. Rxh6 h3+ 70. Kf2 Rf3+ 71. Ke2 Ke7 72. Rh7+ Kd6 73. Rh5 Ke5 74. Rh8 Kf4 75. Rh4+ Kg3 76.
Rh8 Kg2 77. Rg8+ Rg3 78. Ra8 h2 79. Ra1 f4 80. Rb1 Ra3 81. Kd2 h1=Q 82. Rxh1 Kxh1 83. Ke2 Rf3 84. Kd2 Re3 85. Kc2 Rd3 86. Kb2 Kg2 87. Kc2 Kf3 88. Kc1 Ke3 89. Kc2 Kd4 90. Kc1 Kd5 91. Kc2 Kc5 92. Kb2 Kb4 93. Kc2 Kc4 94.
Kb2 e5 95. Kc2 f3 96. Kc1 Kd5 97. Kb1 Ke6 98. Kc1 Kf5 99. Kb1 Kg4 100. Kc1 Kh3 101. Kb1 Kh2 102. Kc1 Kh1 103. Kb1 Kg1 104. Kc1 Kg2 105. Kb1 Kf2 106. Kc1 Kf1 107. Kb1 Ke1 108. Kc1 Ke2 109. Kc2 f2 110. Kb2 Kf3 111. Kc2 Kg4 112. Kc1 Kh5 113. Kc2 Kg6 114. Kb2 Kf7 115. Kc2 Ke8 116. Kc1 Kd7 117.
Kc2 Kc6 118. Kb2 Kb5 119. Ka2 Kb4 120. Kb2 Rd2+ 121. Kb1 e3 122. Kc1 Ka5 123. Kb1 Ka6 124. Kc1 Ka7 125. Kb1 Ka8 126. Kc1 Kb7 127. Kb1 Kc6 128.
Kc1 Kd6 129. Kb1 Ke6 130. Kc1 Kf5 131. Kb1 Kg4 132. Kc1 Kh3 133. Kb1 e4 134. Kc1 Kg3 135. Kb1 Kf3 136. Kc1 Kf4 137. Kb1 Ke5 138. Ka1 Kd4 139. Kb1 Kc3 140. Kc1 e2 141. Kb1 Kd3 142. Ka1 Rc2 143. Kb1 Kc3 144. Ka1 e3 145. Kb1 Rd2 146. Ka1 Kd4 147. Kb1 Ke5 148. Ka1 Kf4 149. Kb1 Kg4 150. Kc1 Kh3 151. Kb1 Kg2 152. Ka1 Kh2 153. Kb1 Kh1 154. Kc1 Kg1 155. Kb1 f1=Q# 0-1

[Event "Late-Titled-Tuesday-Blitz-October-24-2023"]
[Site "Chess.com"]
[Date "2023.10.24"]
[Round "5"]
[White "SaqoChess_Twitch"]
[Black "Hasangatin_Ramil"]
[Result "0-1"]
[WhiteElo "2553"]
[BlackElo "2705"]
[TimeControl "180+1"]
[EndTime "14:58:47 PDT"]
[Termination "Hasangatin_Ramil won by checkmate"]

1. d4 d6 2. Nf3 Bg4 3. g3 Bxf3 4. exf3 c6 5. Bg2 g6 6. O-O Bg7 7. f4 Nh6 8. c3 O-O 9. Re1 e6 10. Nd2 Nd7 11. a4 a5 12. Nc4 Qc7 13. b3 Nb6 14.
Ba3 Rfd8 15. Qd3 Nf5 16. Rab1 Nd5 17. Ne3 Nfe7 18. h4 h5 19. Bf3 Nxe3 20. fxe3 Nf5 21. Kg2 d5 22. c4 Bf8 23. c5 b6 24. Rec1 Rdb8 25. Qd2 b5 26. axb5 Rxb5 27. Be2 Rb7 28. b4 axb4 29. Bxb4 Qb8 30. Rb3 Nxe3+ 31. Qxe3 Rxb4 32.
Rcb1 Rxb3 33. Rxb3 Qc7 34. Rb6 Bg7 35. Ba6 Ra7 36.
Kf3 Kh7 37. Qd3 Bf6 38. Ke3 Kg7 39. Qb3 Qe7 40. Rb7 Rxb7 41. Qxb7 Qd8 42. Qb6 Qa8 43. Qb7 Qh8 44. Qxc6 Kh6 45. Qa4 Qb8 46. Qb5 Qc7 47. Qb6 Qd7 48. c6 Qd6 49. Qc5 Qc7 50. Bb7 Bg7 51. Kd3 Kh7 52. Ba6 Kg8 53. Bb7 Bf8 54. Qb5 Bd6 55. Qa6 Kg7 56. Qa7 Bb4 57. Qa4 Qb6 58.
Qa6 Qc7 59. Qb5 Bd6 60. Qb3 Qb8 61. Qb6 Bc7 62. Qc5 Qd8 63. Ba6 Bb6 64. Qb5 Qc7 65.
Bb7 Ba5 66. Qa6 Bb6 67. Qa4 Kf6 68. Qd1 Kg7 69. Qe1 Ba7 70. Qe5+ Qxe5 71. fxe5 Bb8 72. Kc3 Kf8 73. Kb4 Ke7 74. Kb5 Bc7 75. Ka6 Kd8 76.
Ba8 Ke7 77. Kb7 Kd8 78. Ka7 Ba5 79. Bb7 Kc7 80. Ka6 Bc3 81. Kb5 Bxd4 82. Ba6 Bxe5 83. Kc5 Bxg3 84. Be2 Bxh4 85. Bb5 Bf2+ 86. Kb4 Kd6 87.
Kc3 e5 88. Kd3 e4+ 89. Ke2 Bb6 90. Ba4 Ke5 91. Bb3 Bc7 92. Bc2 f5 93. Bb3 g5 94.
Kf2 h4 95. Kg2 g4 96. Bd1 d4 97. Be2 d3 98. Bf1 Kf4 99. Kf2 Kg5 100. Kg2 f4 101. Kf2 e3+ 102. Kg2 e2 103. Kh2 e1=Q 104. Kg1 Qe3+ 105. Kh1 Bd6 106. Kg2 Qf3+ 107. Kg1 Bc5+ 108. Kh2 Qg3+ 109. Kh1 Qg1# 0-1

[Event "Late-Titled-Tuesday-Blitz-October-24-2023"]
[Site "Chess.com"]
[Date "2023.10.24"]
[Round "6"]
[White "IMSlavin"]
[Black "Schwindle"]
[Result "1-0"]
[WhiteElo "2242"]
[BlackElo "2406"]
[TimeControl "180+1"]
[EndTime "15:00:58 PDT"]
[Termination "IMSlavin won by resignation"]

1. e4 e6 2. Nf3 c5 3. a3 d5 4. e5 Nc6 5. b4 c4 6. d4 f6 7. Bb2 Bd7 8. Be2 Qc7 9. O-O O-O-O 10. b5 Nce7 11. a4 Kb8 12. Ba3 Nh6 13.
Bd6 1-0

[Event "Late-Titled-Tuesday-Blitz-October-24-2023"]
[Site "Chess.com"]
[Date "2023.10.24"]
[Round "6"]
[White "Hasangatin_Ramil"]
[Black "Lady_Nika"]
[Result "1-0"]
[WhiteElo "2709"]
[BlackElo "2530"]
[TimeControl "180+1"]
[EndTime "15:00:59 PDT"]
[Termination "Hasangatin_Ramil won by resignation"]

1. e4 c5 2. Nf3 e6 3. g3 Nc6 4. Bg2 Nf6 5. d3 d5 6. Qe2 dxe4 7. dxe4 Be7 8. e5 Nd5 9. O-O O-O 10. c4 Nc7 11.
Nc3 Nd4 12. Nxd4 cxd4 13. Rd1 Bc5 14. Ne4 Qe7 15. Qg4 Rd8 16. Bg5 1-0

[Event "Late-Titled-Tuesday-Blitz-October-24-2023"]
[Site "Chess.com"]
[Date "2023.10.24"]
[Round "6"]
[White "ArtemDyachuk"]
[Black "Payyappat"]
[Result "1-0"]
[WhiteElo "2645"]
[BlackElo "2519"]
[TimeControl "180+1"]
[EndTime "15:01:59 PDT"]
[Termination "ArtemDyachuk won by resignation"]

1. e4 c6 2. Nc3 d5 3. Nf3 dxe4 4.
Nxe4 Nf6 5. Qe2 Nxe4 6. Qxe4 Nd7 7. Bc4 Nf6 8. Ne5 e6 9. Qe2 b5 10. Bb3 Qc7 11. d4 Bd6 12. c3 Bb7 13. O-O Nd7 14. Nxf7 Bxh2+ 15. Kh1 O-O 16. Qxe6 Nb6 17. Ne5+ Kh8 18.
Ng6+ 1-0

[Event "Late-Titled-Tuesday-Blitz-October-24-2023"]
[Site "Chess.com"]
[Date "2023.10.24"]
[Round "6"]
[White "ejalmedina"]
[Black "miraitrunks"]
[Result "1-0"]
[WhiteElo "2319"]
[BlackElo "2109"]
[TimeControl "180+1"]
[EndTime "15:02:13 PDT"]
[Termination "ejalmedina won by resignation"]

1. e4 e6 2. d4 d5 3. Nd2 dxe4 4. Nxe4 Bd7 5. Nf3 Bc6 6. Bd3 Nf6 7. Nxf6+ Qxf6 8.
Be2 h6 9. O-O Nd7 10. c4 Bxf3 11. Bxf3 c6 12. Qb3 O-O-O 13. Be3 e5 14. d5 Nc5 15.
Qa3 e4 16. Bg4+ Nd7 17. Qxa7 1-0

[Event "Late-Titled-Tuesday-Blitz-October-24-2023"]
[Site "Chess.com"]
[Date "2023.10.24"]
[Round "6"]
[White "tylityli"]
[Black "zivicd"]
[Result "1-0"]
[WhiteElo "2318"]
[BlackElo "2098"]
[TimeControl "180+1"]
[EndTime "15:02:15 PDT"]
[Termination "tylityli won by resignation"]

1. d4 Nf6 2. c4 c5 3. d5 b5 4.
Qc2 bxc4 5. e4 d6 6. Bxc4 g6 7.
b3 Bg7 8. Bb2 O-O 9. Nd2 Ba6 10.
Ngf3 Bxc4 11. bxc4 Nbd7 12. O-O Qa5 13. Bc3 Qa6 14. h3 Rfb8 15. Rab1 Nb6 16. Rb5 Nxc4 17. Rxb8+ Rxb8 18. Qd3 1-0

[Event "Late-Titled-Tuesday-Blitz-October-24-2023"]
[Site "Chess.com"]
[Date "2023.10.24"]
[Round "6"]
[White "KVAIDAN"]
[Black "Willi_Skibbe"]
[Result "1-0"]
[WhiteElo "2421"]
[BlackElo "2221"]
[TimeControl "180+1"]
[EndTime "15:02:16 PDT"]
[Termination "KVAIDAN won by resignation"]

1. f4 d5 2. Nf3 Nf6 3. e3 Bg4 4. h3 Bxf3 5. Qxf3 c6 6. b3 Nbd7 7. Bb2 Qc7 8. d4 Ne4 9. Bd3 Ndf6 10. O-O e6 11. c4 Bd6 12. Rd1 O-O-O 13. Nd2 Nxd2 14.
Rxd2 h6 15. c5 Be7 16. b4 g5 17. a4 gxf4 18. exf4 Rdg8 19. b5 Nh5 20. Qxh5 Qxf4 21. Rf2 Qf5 22. Bxf5 1-0

[Event "Late-Titled-Tuesday-Blitz-October-24-2023"]
[Site "Chess.com"]
[Date "2023.10.24"]
[Round "6"]
[White "falzehope0"]
[Black "Maluco_do_Natal_00"]
[Result "1-0"]
[WhiteElo "2308"]
[BlackElo "2031"]
[TimeControl "180+1"]
[EndTime "15:02:19 PDT"]
[Termination "falzehope0 won by resignation"]

1. d4 d5 2. e3 Nf6 3. Bd3 e6 4. f4 c5 5. c3 Bd6 6. Nf3 Nbd7 7. O-O Qc7 8. Ne5 a6 9. Nd2 b5 10. a3 Bb7 11. Qf3 g6 12. Qh3 c4 13. Bc2 a5 14.
Ndf3 Ke7 15. Ng5 Raf8 16. Nexf7 Rxf7 17. Qxe6+ 1-0

[Event "Late-Titled-Tuesday-Blitz-October-24-2023"]
[Site "Chess.com"]
[Date "2023.10.24"]
[Round "6"]
[White "GiorgianBarbosa"]
[Black "carloseduar100"]
[Result "1-0"]
[WhiteElo "2436"]
[BlackElo "2292"]
[TimeControl "180+1"]
[EndTime "15:02:49 PDT"]
[Termination "GiorgianBarbosa won by checkmate"]

1. e4 e6 2. d3 d5 3. Nd2 Nf6 4. g3 c5 5. Bg2 Nc6 6. Ngf3 Be7 7.
O-O b5 8. Re1 a5 9. e5 Nd7 10.
Nf1 a4 11. h4 b4 12. N1h2 Qc7 13. Bf4 Nd4 14. c4 Bb7 15. Nxd4 cxd4 16. cxd5 Bxd5 17. Bxd5 exd5 18. e6 Qb6 19. exd7+ Kxd7 20. Qg4+ f5 21. Qxf5+ Ke8 22. Rxe7+ Kxe7 23. Re1+ Kd8 24. Qxd5+ Kc8 25. Qxa8+ Kd7 26. Qxh8 Qf6 27. Qe8# 1-0

[Event "Late-Titled-Tuesday-Blitz-October-24-2023"]
[Site "Chess.com"]
[Date "2023.10.24"]
[Round "6"]
[White "Chessbard1972"]
[Black "HajiyevKanan"]
[Result "0-1"]
[WhiteElo "2346"]
[BlackElo "2506"]
[TimeControl "180+1"]
[EndTime "15:02:59 PDT"]
[Termination "HajiyevKanan won by resignation"]

1. d4 d5 2. c4 c6 3. Nf3 a6 4. Nbd2 Nf6 5. g3 g6 6. Bg2 Bg7 7. O-O O-O 8. b3 Ne4 9. Bb2 Bf5 10. e3 Nxd2 11. Qxd2 Be4 12. Rac1 e6 13. Ne1 Bxg2 14.
Kxg2 a5 15. Nd3 Nd7 16. cxd5 exd5 17. Nc5 Nxc5 18. Rxc5 Re8 19. Rfc1 h5 20. h4 Bf8 21.
R5c2 Qb6 22. Qe2 a4 23. Qd3 axb3 24. axb3 Ba3 25. Bxa3 Rxa3 26. Rc3 Kg7 27. R1c2 Qb4 28. f3 Ra1 29. Rc1 Rea8 30. Rxa1 Rxa1 31. e4 dxe4 32.
fxe4 Ra2+ 33. Kh3 Qd6 34. d5 Qd7+ 0-1

[Event "Late-Titled-Tuesday-Blitz-October-24-2023"]
[Site "Chess.com"]
[Date "2023.10.24"]
[Round "6"]
[White "PapaieDudu"]
[Black "TheMagician"]
[Result "1-0"]
[WhiteElo "2340"]
[BlackElo "2162"]
[TimeControl "180+1"]
[EndTime "15:03:00 PDT"]
[Termination "PapaieDudu won by resignation"]

1. e4 c5 2. Nf3 d6 3. d4 cxd4 4. Nxd4 Nf6 5. Nc3 a6 6. f3 e5 7. Nb3 Be6 8. Be3 h5 9. Qd2 Nbd7 10. O-O-O Rc8 11. Nd5 Nxd5 12. exd5 Bf5 13. Bd3 Bxd3 14. Qxd3 Qc7 15. Kb1 b5 16. f4 Be7 17. Rd2 Bf6 18. Re1 Kf8 19. Rf2 exf4 20. Bxf4 Ne5 21. Qf5 Kg8 22.
Nd4 Ng4 23. Bxd6 Qd8 24. Nc6 Nxf2 25. Nxd8 Rxd8 26. Bc7 1-0

[Event "Late-Titled-Tuesday-Blitz-October-24-2023"]
[Site "Chess.com"]
[Date "2023.10.24"]
[Round "6"]
[White "BeanScreen"]
[Black "balachess2006"]
[Result "1-0"]
[WhiteElo "2713"]
[BlackElo "2569"]
[TimeControl "180+1"]
[EndTime "15:03:06 PDT"]
[Termination "BeanScreen won by resignation"]

1. e4 c5 2. Nf3 Nc6 3. Nc3 g6 4. d4 cxd4 5. Nxd4 Bg7 6. Be3 Nf6 7. Bc4 O-O 8. Bb3 a5 9. O-O d6 10. h3 Bd7 11. a4 Nxd4 12. Bxd4 Bc6 13. f4 Nxe4 14.
Nxe4 Bxe4 15. Bxg7 Kxg7 16. Qd4+ e5 17. Qxe4 Qb6+ 18.
Kh1 f5 19. Qd5 e4 20. Rad1 Rf6 21. Qd4 Qc7 22. g4 fxg4 23. hxg4 Qd7 24. f5 g5 25. Kg2 Rf8 26. Rh1 Qc6 27. c3 e3+ 28. Bd5 Qe8 29. Rh3 h6 30. Rdh1 Kh7 31. Rxe3 1-0

[Event "Late-Titled-Tuesday-Blitz-October-24-2023"]
[Site "Chess.com"]
[Date "2023.10.24"]
[Round "6"]
[White "kleinebeer98"]
[Black "KATPAH"]
[Result "1-0"]
[WhiteElo "2868"]
[BlackElo "2641"]
[TimeControl "180+1"]
[EndTime "15:03:11 PDT"]
[Termination "kleinebeer98 won by resignation"]

1. e4 e5 2. Nf3 d6 3. d4 Bg4 4.
dxe5 Nd7 5. exd6 Bxd6 6. h3 Bh5 7. Bd3 Ngf6 8. Nc3 Qe7 9. Bg5 O-O-O 10. Qe2 h6 11.
Be3 Ne5 12. O-O-O Nxd3+ 13. cxd3 Bb4 14. Qc2 Rd6 15. Nb5 Ra6 16. a3 Bd6 17. Kb1 Bxf3 18.
gxf3 Qe5 19. Nxd6+ Qxd6 20. d4 Qd7 21. d5 Re8 22.
Rc1 Kb8 23. Bf4 Rc8 24. Rhd1 Ne8 25. e5 g5 26. Bg3 Ka8 27. h4 Ng7 28. hxg5 hxg5 29.
Qh7 Qf5+ 30. Qxf5 Nxf5 31. d6 c6 32. d7 Rd8 33. e6 fxe6 34. Bc7 1-0